 Dungeon Crawl Stone Soup version 0.20.1-1-g8b1a95d (webtiles) character file.

68 Folque the Magician (level 4, 0/29 HPs)
             Began as an Octopode Wizard on Nov 6, 2017.
             Slain by an adder (4 damage)
             ... on level 2 of the Dungeon.
             The game lasted 00:06:41 (1564 turns).

Folque the Magician (Octopode Wizard)               Turns: 1564, Time: 00:06:42

Health: 0/29       AC:  1    Str:  6    XL:     4   Next: 19%
Magic:  0/9        EV: 13    Int: 21    God:
Gold:   72         SH:  0    Dex: 10    Spells: 2/10 levels left

rFire    . . .     SeeInvis .   g - +0 whip
rCold    . . .     Gourm    .   (no shield)
rNeg     . . .     Faith    .   a - +0 hat
rPois    .         Spirit   .   (no amulet)
rElec    .         Reflect  .   (no ring)
rCorr    .         Harm     .   (no ring)
MR       .....                  (no ring)
Stlth    ++........             (no ring)
Regen    0.1/turn               (no ring)
MPRegen  0.2/turn               (no ring)
                                (no ring)
                                (no ring)

@: confused, lethally poisoned (0 -> -12)
A: almost no armour, stealthy swim, amphibious, 8 rings, constrict 8, camouflage
1, gelatinous body 1
a: no special abilities


You were on level 2 of the Dungeon.
You were not hungry.

You visited 1 branch of the dungeon, and saw 2 of its levels.

You collected 72 gold pieces.

Inventory:

Hand Weapons
 e - a +0 club
 g - a +0 whip (weapon)
Armour
 a - a +0 hat (worn)
Scrolls
 i - a scroll of recharging {unknown}
 j - 2 scrolls of teleportation {unknown}
 l - 3 scrolls of identify {unknown}
 m - a scroll of enchant weapon {unknown}
 o - a scroll of magic mapping {unknown}
Potions
 d - a potion of might {unknown}
 n - 2 potions of lignification {unknown}
Books
 b - a book of Minor Magic

   Spells                             Type                      Level
   a - Magic Dart                     Conjuration                  1
   b - Blink                          Translocation                2
   c - Call Imp                       Summoning                    2
   d - Slow                           Hexes                        2
   e - Conjure Flame                  Conjuration/Fire             3
   f - Mephitic Cloud                 Conjuration/Poison/Air       3
Comestibles
 c - 2 bread rations
 f - 3 chunks of flesh
 h - 2 royal jellies
 k - 2 meat rations


   Skills:
 - Level 2.0 Fighting
 - Level 2.0 Dodging
 - Level 2.6 Stealth
 + Level 3.5 Spellcasting
 + Level 1.3 Conjurations
 - Level 1.0 Summonings
 - Level 1.0 Translocations
 * Level 1.9 Poison Magic


You had 2 spell levels left.
You knew the following spells:

 Your Spells              Type           Power        Failure   Level  Hunger
a - Magic Dart            Conj           #...         8%          1    None
b - Call Imp              Summ           #.......     13%         2    ##.....
c - Blink                 Tloc           N/A          13%         2    ##.....
d - Mephitic Cloud        Conj/Pois/Air  #.......     24%         3    ###....


Dungeon Overview and Level Annotations

Branches:
Dungeon (2/15)

Altars:
Elyvilon
Fedhas


Innate Abilities, Weirdness & Mutations

You cannot wear most types of armour.
You are very stealthy in the water. (Stealth+)
You are amphibious.
You can wear up to eight rings at the same time.
You can use your tentacles to constrict eight enemies at once.
Your skin changes colour to match your surroundings (Stealth+).
Your rubbery body absorbs attacks. (AC +1, EV +1)


Message History

Press: ? - help, Shift-Dir - straight line, f - adder
Aim: an adder That beam is likely to hit you.
Continue anyway?
The ball explodes into a vile cloud!
The stinking cloud engulfs the adder.
The stinking cloud engulfs your white imp.
Your white imp appears unharmed.
The stinking cloud engulfs your crimson imp.
Your crimson imp appears unharmed.
The stinking cloud engulfs the kobold.
The kobold is moderately wounded.
The stinking cloud engulfs you!
You are engulfed in noxious fumes.
You choke on the stench!
You are confused.
* * * LOW HITPOINT WARNING * * *
x2 You feel sick.
You hear a shout!
The adder is engulfed in noxious fumes.
The adder appears confused.
The adder is engulfed in noxious fumes.
The adder appears confused.
The adder bites you.
You die...

# #... ....... ....# #...
#.......# ....... . #...
#.......# .....##.. #...
#.......# ......... #...
#.......# ...... #...
#...$...# .... #...
#......5######.########...
#...$KS@................
#...#5######.########...
#. #.# #.#........P. #5#
#...##.###.._
#......5..##.###.##.##..P.
#.........##........##....
#.........######.#........
#................#.#######
#........... ##...........


You could see an adder (confused), a kobold, a friendly crimson imp and a
friendly white imp.

Vanquished Creatures
  2 dart slugs
  2 bats (D:1)
  2 giant cockroaches
  7 goblins
  8 hobgoblins
  6 jackals
  2 frilled lizards
  5 rats
34 creatures vanquished.

Vanquished Creatures (collateral kills)
  2 adders (D:2)
  A gnoll (D:1)
  A goblin (D:1)
  A hobgoblin (D:2)
  7 jackals
  A quokka (D:2)
  A rat (D:1)
14 creatures vanquished.

Grand Total: 48 creatures vanquished

Notes
Turn   | Place    | Note
-------+----------+-------------------------------------------
     0 | D:1      | Folque the Octopode Wizard began the quest for the Orb.
     0 | D:1      | Reached XP level 1. HP: 11/11 MP: 4/4
    54 | D:1      | Reached skill level 1 in Fighting
   151 | D:1      | Reached XP level 2. HP: 13/18 MP: 6/6
   155 | D:1      | Learned a level 2 spell: Call Imp
   158 | D:1      | Learned a level 2 spell: Blink
   671 | D:1      | Reached XP level 3. HP: 24/24 MP: 7/7
   680 | D:1      | Learned a level 3 spell: Mephitic Cloud
  1163 | D:2      | Reached skill level 1 in Poison Magic
  1232 | D:2      | Reached XP level 4. HP: 28/29 MP: 9/9
  1454 | D:2      | Found a blossoming altar of Fedhas.
  1546 | D:2      | Found a white marble altar of Elyvilon.
  1564 | D:2      | Slain by an adder

Skill      XL: |  1  2  3 |
---------------+----------+-----
Fighting       | 1 2 |  2.0
Poison Magic   | 1 |  1.9
Dodging        | |  2.0
Stealth        | |  2.6
Spellcasting   | |  3.5
Conjurations   | |  1.3
Summonings     | |  1.0
Translocations | |  1.0

Action                   |  1- 3 |  4- 6 || total
-------------------------+-------+-------++-------
Melee: Unarmed           |    23 |       ||    23
       Tentacles         |    19 |     1 ||    20
       Constrict         |    24 |     4 ||    28
       Whip              |    52 |    11 ||    63
 Cast: Magic Dart        |     7 |     1 ||     8
       Call Imp          |     7 |     5 ||    12
       Mephitic Cloud    |       |     1 ||     1
 Stab: Sleeping          |     6 |     2 ||     8
  Eat: Chunk             |     1 |     1 ||     2
Armor: Skin              |     4 |       ||     4
Dodge: Dodged            |    37 |     5 ||    42
